 Dungeon Crawl Stone Soup version 0.30-a0-862-g1aabd4f9c5 (webtiles) character file.

Game seed: 8711056529867277794

2025 Axe the Conjurer (level 9, -3/71 HPs)
             Began as a Demonspawn Venom Mage on Mar 10, 2023.
             Was a Follower of Vehumet.
             Slain by a boulder beetle (16 damage)
             ... on level 6 of the Dungeon.
             The game lasted 00:22:07 (6335 turns).

Axe the Conjurer (Demonspawn Venom Mage)            Turns: 6335, Time: 00:22:08

Health: -3/71      AC:  9    Str:  8    XL:     9   Next: 3%
Magic:  16/16      EV: 12    Int: 28    God:    Vehumet [*.....]
Gold:   190        SH:  4    Dex: 13    Spells: 7/18 levels left

rFire   . . .      SeeInvis .    A - +2 hand axe (venom)
rCold   . . .      Faith    .    (no shield)
rNeg    . . .      Spirit   .    d - +0 robe
rPois   +          Reflect  .    (no helmet)
rElec   .          Rampage  .    l - scarf {repulsion}
rCorr   .                        (no gloves)
Will    .....                    o - +0 pair of boots
Stlth   ++                       (no amulet)
HPRegen 0.31/turn                q - +6 ring of intelligence
MPRegen 0.15/turn                B - ring of poison resistance

@: repel missiles
A: rugged brown scales 2, icemail 1, spiny 1, condensation shield
a: Renounce Religion


You were on level 6 of the Dungeon.
You worshipped Vehumet.
Vehumet was aware of your devotion.
You visited 2 branches of the dungeon, and saw 7 of its levels.

You collected 364 gold pieces.
You spent 174 gold pieces at shops.

Inventory:

Hand Weapons
 b - a +0 short sword
 A - a +2 hand axe of venom (weapon)
Missiles
 s - 4 javelins
Armour
 d - a +0 robe (worn)
 l - a scarf of repulsion (worn)
 o - a +0 pair of boots (worn)
Magical Staves
 a - a staff of air
Jewellery
 k - an amulet of faith
 q - a +6 ring of intelligence (left hand)
 u - an amulet of guardian spirit
 v - a ring of magical power
 x - a ring of protection from fire
 B - a ring of poison resistance (right hand)
Wands
 z - a wand of roots (9)
 D - a wand of mindburst (9)
Scrolls
 c - a scroll of noise {unknown}
 e - 5 scrolls of identify {unknown}
 g - a scroll of teleportation {unknown}
 i - a scroll of enchant weapon {unknown}
 j - 2 scrolls of vulnerability {unknown}
 n - a scroll of torment {unknown}
 t - a scroll of magic mapping {unknown}
 y - a scroll of blinking {unknown}
 C - a scroll of enchant armour {unknown}
Potions
 f - a potion of magic
 h - a potion of might {unknown}
 m - a potion of haste {unknown}
 r - a potion of mutation {unknown}
 w - a potion of heal wounds {unknown}


   Skills:
 + Level 5.1 Fighting
 - Level 1.7 Dodging
 - Level 1.7 Stealth
 - Level 0.5 Unarmed Combat
 + Level 5.2 Spellcasting
 * Level 6.9 Conjurations
 - Level 1.8 Transmutations
 + Level 3.9 Ice Magic
 - Level 2.1 Air Magic
 - Level 3.0 Poison Magic


You had 7 spell levels left.
You knew the following spells:

 Your Spells              Type           Power      Damage    Failure   Level
a - Sting                 Tmut/Pois      80%        1d7       2%          1
b - Mephitic Cloud        Conj/Pois/Air  29%        N/A       3%          3
c - Hailstorm             Conj/Ice       37%        3d9       1%          3
d - Frozen Ramparts       Ice            58%        1d9       3%          3
e - Shock                 Conj/Air       100%       1d9       1%          1

Your spell library contained the following spells:

 Spells                   Type           Power      Damage    Failure   Level
 Freeze                   Ice            100%       1d10      1%          1
 Poisonous Vapours        Pois/Air       42%        N/A       3%          2
 Necrotise                Necr           28%        1d5       7%          1
 Olgreb's Toxic Radiance  Pois           24%        N/A       19%         4
 Vampiric Draining        Necr           7%         2d6       21%         3
 Agony                    Necr           7%         N/A       88%         5


Dungeon Overview and Level Annotations

Branches:
Dungeon (6/15)             Temple (1/1) D:4

Altars:
Ashenzari
Cheibriados
Dithmenos
Gozag
Kikubaaqudgha
Makhleb
Okawaru
Qazlal
Ru
Sif Muna
Trog
Uskayaw
Vehumet
Wu Jian
Yredelemnul

Shops:
D:3 [   D:4 *[


Innate Abilities, Weirdness & Mutations

You are mostly covered in rugged brown scales. (AC +2, +5% HP)
A meltable icy envelope protects you from harm. (AC +4)
You are partially covered in sharp spines.
A meltable shield of frost defends you. (SH +4)


Message History

The wall freezes something.
Something hits you but does no damage.
You hit the boulder beetle but do no damage.
The boulder beetle is poisoned.
You hit something. Vehumet accepts your kill.
You feel your power returning.
Reactivating autopickup.
You feel a bit more experienced.
The ufetubus completely resists.
The wall freezes the ufetubus but does no damage.
The ufetubus resists.
The wall freezes the ufetubus.
The wall freezes the boulder beetle.
The boulder beetle closely misses you.
Your Fighting skill increases to level 5!
You have reached level 9!
Your experience leads to an increase in your attributes!
Your base attributes are Str 8, Int 20, Dex 13.
Increase (s)trength, (i)ntelligence, or (d)exterity?
You feel clever. x2; Your demonic ancestry asserts itself...
Sharp spines emerge from parts of your body.
Your frozen ramparts will break if you move.
Continue?
The frozen ramparts melt away as you move.
You hit the boulder beetle but do no damage.
The boulder beetle is lightly wounded.
You block the boulder beetle's attack.
You hit the boulder beetle but do no damage.
The boulder beetle looks as sick as possible!
The boulder beetle is moderately wounded.
The boulder beetle bites you!
* * * LOW HITPOINT WARNING * * *
You feel better. The boulder beetle bites you!
* * * LOW HITPOINT WARNING * * *
You feel better. The boulder beetle closely misses you.
You hit the boulder beetle but do no damage.
The boulder beetle looks as sick as possible!
The boulder beetle is heavily wounded.
The boulder beetle closely misses you.
The boulder beetle is struck by your spines.
The boulder beetle closely misses you.
You hit the boulder beetle.
The boulder beetle is severely wounded.
The boulder beetle bites you!
You die...

#. #. .# #.# #.# .
..# .. .. +.. #.
... .. #.. 5# #....
..###+##.##:##.....
.........#B#...+###
..........#@.......
.........#...+.....
.............# ##.
.............#
.............#
########.....#
#.....####
###'#....#
#...#....#


You could see a boulder beetle (extremely poisoned).

Vanquished Creatures
  An unseen horror (D:6)
  Menkaure (D:6)
  3 water moccasins (D:6)
  An ice beast (D:5)
  2 orc warriors (D:6)
  A sky beast (D:6)
  A black bear (D:5)
  3 scorpions
  5 hounds
  2 jellies
  2 sleepcaps
  An orc priest (D:4)
  An iguana (D:6)
  3 orc wizards
  3 gnolls (D:2)
  12 adders
  2 shadow imps (D:5)
  2 dart slugs
  20 orcs
  8 endoplasms
  4 giant cockroaches
  12 hobgoblins
  6 jackals
  4 quokkas
  7 ball pythons
  3 bats
  9 goblins
  10 kobolds
  5 rats
134 creatures vanquished.

Notes
Turn   | Place    | Note
-------+----------+-------------------------------------------
     0 | D:1      | Axe the Demonspawn Venom Mage began the quest for the Orb.
     0 | D:1      | Reached XP level 1. HP: 13/13 MP: 3/3
    65 | D:1      | Reached skill level 1 in Transmutations
   330 | D:1      | Gained mutation: You are partially covered in rugged brown
                  | scales. (AC +1, +3% HP) [demonic ancestry]
   330 | D:1      | Reached XP level 2. HP: 13/20 MP: 1/5
   880 | D:2      | Reached skill level 1 in Fighting
   880 | D:2      | Reached XP level 3. HP: 23/26 MP: 2/6
   924 | D:2      | Learned a level 3 spell: Mephitic Cloud
  1301 | D:2      | Reached skill level 1 in Air Magic
  1559 | D:2      | Gained mutation: A meltable shield of frost defends you.
                  | (SH +4) [demonic ancestry]
  1559 | D:2      | Reached XP level 4. HP: 30/32 MP: 2/7
  2128 | D:3      | Reached skill level 1 in Conjurations
  2224 | D:3      | Found an iron altar of Okawaru.
  2517 | D:3      | Found Gec Bib's Armour Shop.
  2522 | D:3      | Bought a scarf of repulsion for 120 gold pieces
  2630 | D:3      | Reached XP level 5. HP: 39/39 MP: 7/9
  2725 | D:3      | Found a faded altar of an unknown god.
  2729 | D:3      | Found an ornate altar of the Wu Jian Council.
  3191 | D:4      | Found Ecom's Armour Shoppe.
  3214 | D:4      | Reached skill level 2 in Conjurations
  3300 | D:4      | Bought a +0 pair of boots for 54 gold pieces
  3363 | D:4      | Found a staircase to the Ecumenical Temple.
  3399 | Temple   | Entered the Ecumenical Temple
  3414 | Temple   | Became a worshipper of Vehumet
  3427 | D:4      | Learned a level 3 spell: Hailstorm
  3550 | D:4      | Found Zisuunag's Assorted Antiques.
  3625 | D:4      | Found a shimmering blue altar of Sif Muna.
  3960 | D:4      | Reached XP level 6. HP: 36/47 MP: 2/10
  4166 | D:5      | Entered Level 5 of the Dungeon
  4313 | D:5      | Noticed an ice beast
  4377 | D:5      | Reached skill level 3 in Conjurations
  4377 | D:5      | Reached skill level 1 in Ice Magic
  4668 | D:5      | Learned a level 3 spell: Frozen Ramparts
  4698 | D:5      | Reached * piety under Vehumet
  4698 | D:5      | Offered knowledge of Shock by Vehumet.
  4701 | D:5      | Learned a level 1 spell: Shock
  5019 | D:5      | Gained mutation: You are mostly covered in rugged brown
                  | scales. (AC +2, +5% HP) [demonic ancestry]
  5019 | D:5      | Reached XP level 7. HP: 48/54 MP: 7/12
  5194 | D:5      | Reached skill level 4 in Conjurations
  5402 | D:5      | Found a basalt altar of Yredelemnul.
  5488 | D:6      | Found an ancient bone altar of Kikubaaqudgha.
  5753 | D:6      | Identified the +4 leather armour of Fun {Str+7 Int-4 Dex+2}
  5833 | D:6      | Noticed Menkaure
  5836 | D:6      | Killed Menkaure
  5837 | D:6      | Reached skill level 5 in Conjurations
  5837 | D:6      | Gained mutation: A meltable icy envelope protects you from
                  | harm. (AC +4) [demonic ancestry]
  5837 | D:6      | Reached XP level 8. HP: 63/63 MP: 10/14
  6062 | D:6      | Reached skill level 6 in Conjurations
  6318 | D:6      | Noticed a boulder beetle
  6324 | D:6      | Reached skill level 5 in Spellcasting
  6328 | D:6      | Killed an unseen horror
  6329 | D:6      | Reached skill level 5 in Fighting
  6329 | D:6      | Gained mutation: You are partially covered in sharp spines.
                  | [demonic ancestry]
  6329 | D:6      | Reached XP level 9. HP: 20/71 MP: 16/16
  6332 | D:6      | HP: 3/71 [boulder beetle (14)]
  6335 | D:6      | Slain by a boulder beetle

Illustrated notes

Levels and vault maps discovered:
D:1:      saegor_arrival_simple_a, layout_basic
D:2:      layout_rooms, serial_corexii_hall, corexii_hall_statues_l,
          corexii_hall_statues_s, corexii_hall_statues_l
D:3:      kb_forest_paths, layout_basic, nicolae_overflow_ecumenical_swirl,
          jmf_multi_god_temple, serial_shops, nicolae_shop_hallway_plus
D:4:      minmay_opposing_rooms, layout_loops_ring, lemuel_blue_sif_altar,
          minmay_temple_entry_statues_fountains, serial_shops,
          nicolae_stop_n_shop_1, shop
D:5:      layout_loops_ring, nicolae_overflow_hidden_temple, item_on_display_a
D:6:      layout_gridville, mainiacjoe_overflow_alcove_1, minmay_manual_mess,
          uniq_menkaure
Temple:   minmay_freezing_vapour_temple

Skill      XL: |  1  2  3  4  5  6  7  8 |
---------------+-------------------------+-----
Transmutations | 1 |  1.8
Fighting       | 1 2 3 4 5 |  5.1
Air Magic      | 1 2 |  2.1
Conjurations   | 1 2 3 5 6 |  6.9
Spellcasting   | 3 4 5 |  5.2
Ice Magic      | 1 2 3 |  3.9
Dodging        | |  1.7
Stealth        | |  1.7
Unarmed Combat | |  0.5
Poison Magic   | |  3.0

Action                     |  1- 3 |  4- 6 |  7- 9 || total
---------------------------+-------+-------+-------++-------
  Melee: Unarmed           |    71 |       |       ||    71
         Short sword       |    45 |   197 |    21 ||   263
         Punch             |     3 |     3 |     2 ||     8
         Hand axe          |       |       |    57 ||    57
   Cast: Sting             |    47 |   102 |    10 ||   159
         Frozen Ramparts   |       |     2 |     9 ||    11
         Mephitic Cloud    |       |     2 |     4 ||     6
         Shock             |       |     1 |    41 ||    42
         Hailstorm         |       |     1 |     2 ||     3
  Evoke: Wand              |       |       |     2 ||     2
    Use: Potion            |       |       |     2 ||     2
   Stab: Sleeping          |     3 |       |       ||     3
         Distracted        |       |     1 |       ||     1
         Confused          |       |       |     1 ||     1
 Armour: Robe              |    25 |    43 |    53 ||   121
  Dodge: Dodged            |    85 |   122 |    63 ||   270
         Repelled          |       |     1 |       ||     1
  Block: Other             |       |    31 |    23 ||    54

Table legend: (Time is in decaauts)
 A = Elapsed time spent in this place.
 B = Non-inter-level travel time spent in this place.
 C = Inter-level travel time spent in this place.
 D = Time resting spent in this place.
 E = Time spent auto-exploring this place.
 F = Levels seen in this place.
 G = Mean time per level.
                   A        B        C        D        E       F      G
               +--------+--------+--------+--------+--------+-----+--------+
         Total |   6347 |   6116 |    231 |   1784 |   2880 |   7 |  906.7 |
       Dungeon |   6324 |   6093 |    231 |   1784 |   2880 |   6 | 1054.0 |
        Temple |     22 |     22 |      0 |      0 |      0 |   1 |   22.0 |
               +--------+--------+--------+--------+--------+-----+--------+

Top non-repeatable levels by time:
     D:5: 1325 daAuts
     D:3: 1234 daAuts
     D:4: 1107 daAuts
     D:1: 947 daAuts
     D:6: 858 daAuts
     D:2: 851 daAuts
  Temple: 22 daAuts
